 Dungeon Crawl Stone Soup version 0.23.2-33-g5129a83184 (webtiles) character file.

Game seed: 3275711369004477937

12567 funkygono the Thaumaturge (level 11, 0/74 HPs)
             Began as a Demonspawn Fire Elementalist on July 6, 2019.
             Was a High Priest of Vehumet.
             Slain by a death yak (15 damage)
             ... on level 10 of the Dungeon.
             The game lasted 00:53:09 (14203 turns).

funkygono the Thaumaturge (DsFE)                   Turns: 14203, Time: 00:53:09

Health: 0/74       AC: 13    Str: 10    XL:     11   Next: 64%
Magic:  25/34      EV: 13    Int: 19    God:    Vehumet [*****.]
Gold:   617        SH:  0    Dex: 13    Spells: 6/30 levels left

rFire    + . .     SeeInvis +   d - +3 whip (flame)
rCold    + . .     Gourm    .   (no shield)
rNeg     . . .     Faith    .   n - +0 leather armour
rPois    .         Spirit   .   (no helmet)
rElec    .         Reflect  .   F - +1 cloak {+Inv}
rCorr    .         Harm     .   I - +2 pair of gloves
MR       .....                  v - +0 pair of boots
Stlth    ++........             t - amulet of magic regeneration
HPRegen  0.22/turn              f - ring of magical power
MPRegen  0.49/turn              A - ring of see invisible

@: lethally poisoned (0 -> -6)
A: hooves 1, icy blue scales 3, demonic guardian 2, fire resistance 1
a: Renounce Religion, Evoke Invisibility


You were on level 10 of the Dungeon.
You worshipped Vehumet.
Vehumet was extremely pleased with you.
You were not hungry.

You visited 2 branches of the dungeon, and saw 12 of its levels.
You also visited: Sewer.

You collected 617 gold pieces.

Inventory:

Hand Weapons
 d - a +3 whip of flaming (weapon)
Missiles
 i - 278 stones (quivered)
Armour
 n - a +0 leather armour (worn)
 v - a +0 pair of boots (worn)
 F - a +1 cloak of invisibility (worn)
 I - a +2 pair of gloves (worn)
Jewellery
 f - a ring of magical power (left hand)
 j - an uncursed ring of wizardry
 o - a +3 ring of evasion
 t - an amulet of magic regeneration (around neck)
 A - a ring of see invisible (right hand)
Wands
 u - a wand of polymorph (7)
 y - a wand of digging (4)
 C - a wand of random effects (40)
 D - a wand of acid (9)
Scrolls
 e - 7 scrolls of fear
 g - 8 scrolls of remove curse
 p - 4 scrolls of teleportation
 s - 4 scrolls of immolation
 w - 2 scrolls of amnesia
 x - a scroll of blinking
 z - 8 scrolls of identify
 B - 2 scrolls of fog
 G - 2 scrolls of torment
Potions
 b - 5 potions of heal wounds
 h - 3 potions of cancellation
 k - 2 potions of haste
 l - 3 potions of curing
 m - a potion of resistance
 r - 2 potions of ambrosia
Miscellaneous
 q - a lamp of fire
Comestibles
 c - 16 rations


   Skills:
 + Level 2.8 Fighting
 + Level 2.5 Maces & Flails
 + Level 3.1 Armour
 + Level 4.1 Dodging
 + Level 3.3 Stealth
 + Level 10.1 Spellcasting
 + Level 9.4 Conjurations
 * Level 3.5 Necromancy
 + Level 6.3 Fire Magic
 + Level 5.6 Earth Magic


You had 6 spell levels left.
You knew the following spells:

 Your Spells              Type           Power        Failure   Level  Hunger
a - Flame Tongue          Conj/Fire      #####        1%          1    None
b - Throw Flame           Conj/Fire      #####.       1%          2    None
c - Conjure Flame         Conj/Fire      #####...     1%          3    None
d - Sandblast             Erth           ####..       1%          1    None
e - Magic Dart            Conj           ####         1%          1    None
f - Stone Arrow           Conj/Erth      #####.       1%          3    None
g - Lee's Rapid Deconstr  Erth           ####......   7%          5    #####..
h - Animate Skeleton      Necr           N/A          2%          1    None
i - Orb of Destruction    Conj           #####.....   38%         7    #######

Your spell library contained the following spells:

 Spells                   Type           Power        Failure   Level  Hunger
 Iskenderun's Mystic Bla  Conj           #####...     1%          4    ##.....
 Sting                    Conj/Pois      ####         1%          1    None
 Sticky Flame             Conj/Fire      #####...     1%          4    ##.....
 Pain                     Necr           ###.         2%          1    None
 Inner Flame              Hex/Fire       ###.....     2%          3    None
 Mephitic Cloud           Conj/Pois/Air  ###.....     2%          3    None
 Fireball                 Conj/Fire      #####.....   3%          5    #####..
 Vampiric Draining        Necr           ###.......   7%          3    None
 Venom Bolt               Conj/Pois      ####......   11%         5    #####..
 Poisonous Vapours        Pois/Air       #.....       14%         2    None
 Regeneration             Chrm/Necr      ###.......   14%         3    None
 Animate Dead             Necr           N/A          22%         4    ##.....
 Olgreb's Toxic Radiance  Pois           #.......     24%         4    ##.....


Dungeon Overview and Level Annotations

Branches:
Dungeon (11/15)            Temple (1/1) D:4             Orc (0/2) D:10
   Lair: D:8-11

Altars:
Ashenzari
Cheibriados
Dithmenos
Elyvilon
Fedhas
Gozag
Hepliaklqana
Kikubaaqudgha
Makhleb
Nemelex Xobeh
Okawaru
Qazlal
Ru
Sif Muna
Trog
Uskayaw
Vehumet
Wu Jian
Xom
Yredelemnul
Zin
The Shining One


Innate Abilities, Weirdness & Mutations

You have large cloven feet.
You are completely covered in icy blue scales. (AC +4, rC+)
A demonic guardian rushes to your aid.
Your flesh is heat resistant. (rF+)


Message History

The death yak is moderately wounded.
You feel sick. The death yak misses you.
Casting: Stone Arrow (safe; 1% risk of failure)
Confirm with . or Enter, or press ? or * to list all spells.
Aiming: Stone Arrow (safe; 1% risk of failure)
Press: ? - help, Shift-Dir - straight line, f/p - death yak
Aim: a death yak (moderately wounded)
The stone arrow hits the death yak.
The death yak is moderately wounded.
You feel sick. The death yak gores you.
* * * LOW HITPOINT WARNING * * *
Casting: Stone Arrow (safe; 1% risk of failure)
Confirm with . or Enter, or press ? or * to list all spells.
Aiming: Stone Arrow (safe; 1% risk of failure)
Press: ? - help, Shift-Dir - straight line, f/p - death yak
Aim: a death yak (moderately wounded)
The stone arrow hits the death yak!
The death yak is heavily wounded.
You feel sick. The death yak gores you!
You die...

#...Z..................# #.# #
#.ZZ...................#####.####
#................................
.................................
..................###############
################..# #..# #.Y#
#@[###############
#.[..............Z
##################


You could see a death yak.

Vanquished Creatures
  2 two-headed ogres (D:11)
  2 unseen horrors
  Maurice (D:9)
  A troll (D:6)
  2 hippogriffs
  A wraith (D:11)
  A spriggan (D:7)
  A wyvern (D:8)
  4 yaks
  2 steam dragons
  3 hungry ghosts
  A black bear (D:7)
  6 orc warriors
  2 ice beasts
  7 ogres
  4 phantoms
  3 sky beasts (D:8)
  A necrophage (D:10)
  6 centaurs
  5 bullfrogs
  2 wyvern skeletons (D:10)
  3 scorpions
  A troll zombie (D:10)
  3 killer bees
  9 wights
  2 howler monkeys (D:5)
  2 crimson imps
  A quasit (D:5)
  2 centaur zombies
  A bullfrog skeleton (D:7)
  8 orc priests
  A gnoll shaman (D:8)
  6 hounds
  12 orc wizards
  4 iguanas
  9 worker ants
  A killer bee zombie (D:5)
  7 ogre zombies (D:10)
  A hound zombie (D:10)
  3 hound skeletons
  14 gnolls
  A howler monkey skeleton (D:4)
  8 adders
  A river rat (Sewer)
  8 shadow imps
  An adder skeleton (D:9)
  4 worms
  A dart slug (D:3)
  5 leopard geckos
  52 orcs
  5 giant cockroaches
  9 goblins
  7 hobgoblins
  8 jackals
  16 kobolds
  4 quokkas
  3 ball pythons (Sewer)
  7 bats
  13 frilled lizards
  A goblin skeleton (D:10)
  4 goblin zombies (D:10)
  4 hobgoblin skeletons (D:10)
  2 hobgoblin zombies (D:10)
  An orc skeleton (D:10)
  12 orc zombies (D:10)
  17 rats
341 creatures vanquished.

Vanquished Creatures (collateral kills)
  Josephine (D:11)
  An unseen horror (D:11)
  A hornet (D:11)
  Sigmund (D:6)
  3 wraiths (D:11)
  7 yaks
  2 phantoms
  An ogre (D:5)
  A centaur (D:6)
  A big kobold (D:7)
  A scorpion (D:11)
  2 orc priests
  A worker ant (D:11)
  A howler monkey zombie (D:11)
  A leopard gecko (D:8)
  An orc (D:9)
  A giant cockroach (D:5)
  A quokka (D:10)
  An orc zombie (D:10)
29 creatures vanquished.

Grand Total: 370 creatures vanquished

Notes
Turn   | Place    | Note
-------+----------+-------------------------------------------
     0 | D:1      | funkygono the Demonspawn Fire Elementalist began the quest
                  | for the Orb.
     0 | D:1      | Reached XP level 1. HP: 13/13 MP: 3/3
   243 | D:1      | Gained mutation: A weak demonic guardian rushes to your
                  | aid. [demonic ancestry]
   243 | D:1      | Reached XP level 2. HP: 17/19 MP: 3/5
   376 | D:1      | Learned a level 2 spell: Throw Flame
   947 | D:1      | Reached XP level 3. HP: 14/24 MP: 6/6
  1168 | D:1      | Learned a level 3 spell: Conjure Flame
  1642 | D:2      | Reached XP level 4. HP: 30/30 MP: 3/7
  3047 | D:3      | Gained mutation: You are partially covered in icy blue
                  | scales. (AC +2) [demonic ancestry]
  3047 | D:3      | Reached XP level 5. HP: 6/36 MP: 3/8
  3770 | D:3      | Reached skill level 3 in Spellcasting
  4321 | D:4      | Noticed a phantom
  4366 | D:4      | Killed a phantom
  4366 | D:4      | Reached skill level 1 in Armour
  4366 | D:4      | Gained mutation: You are mostly covered in icy blue scales.
                  | (AC +3) [demonic ancestry]
  4366 | D:4      | Reached XP level 6. HP: 7/42 MP: 10/10
  4759 | D:4      | Found a staircase to the Ecumenical Temple.
  4780 | Temple   | Entered the Ecumenical Temple
  5182 | Temple   | Became a worshipper of Vehumet
  5413 | D:4      | Reached skill level 1 in Fighting
  5791 | D:5      | Entered Level 5 of the Dungeon
  5798 | D:5      | Gained mutation: A demonic guardian rushes to your aid.
                  | [demonic ancestry]
  5798 | D:5      | Reached XP level 7. HP: 19/48 MP: 12/12
  6055 | D:5      | Reached skill level 4 in Spellcasting
  6184 | D:5      | Found a glowing drain.
  6407 | Sewer    | Entered a sewer
  6684 | Sewer    | Reached * piety under Vehumet
  6684 | Sewer    | Offered knowledge of Sandblast by Vehumet.
  6687 | Sewer    | Learned a level 1 spell: Sandblast
  7623 | D:6      | Reached skill level 5 in Spellcasting
  7623 | D:6      | Gained mutation: Your flesh is heat resistant. (rF+)
                  | [demonic ancestry]
  7623 | D:6      | Reached XP level 8. HP: 28/54 MP: 15/15
  7711 | D:6      | Reached skill level 1 in Earth Magic
  7988 | D:6      | Noticed Sigmund
  8007 | D:6      | Killed Sigmund
  8007 | D:6      | Reached skill level 1 in Maces & Flails
  8315 | D:6      | Noticed a troll
  8329 | D:6      | Killed a troll
  8329 | D:6      | Reached skill level 6 in Spellcasting
  8421 | D:7      | Reached skill level 5 in Conjurations
  8481 | D:6      | Reached XP level 9. HP: 25/60 MP: 18/18
  8685 | D:7      | Reached ** piety under Vehumet
  8685 | D:7      | Offered knowledge of Magic Dart by Vehumet.
  8688 | D:7      | Learned a level 1 spell: Magic Dart
  8791 | D:7      | Reached skill level 5 in Fire Magic
  8804 | D:7      | Reached skill level 7 in Spellcasting
  9447 | D:7      | Offered knowledge of Stone Arrow by Vehumet.
  9545 | D:7      | Learned a level 3 spell: Stone Arrow
 10021 | D:7      | Reached *** piety under Vehumet
 10490 | D:7      | Reached skill level 8 in Spellcasting
 10490 | D:7      | Gained mutation: You have large cloven feet. [demonic
                  | ancestry]
 10490 | D:7      | Reached XP level 10. HP: 40/68 MP: 20/22
 10492 | D:7      | Offered knowledge of Force Lance by Vehumet.
 11008 | D:8      | Found a burning altar of Makhleb.
 11056 | D:8      | Reached **** piety under Vehumet
 11331 | D:9      | Offered knowledge of Lee's Rapid Deconstruction by Vehumet.
 11601 | D:9      | Noticed Maurice
 11621 | D:9      | Killed Maurice
 12190 | D:10     | Entered Level 10 of the Dungeon
 12231 | D:10     | Reached skill level 9 in Spellcasting
 12332 | D:10     | Learned a level 5 spell: Lee's Rapid Deconstruction
 12401 | D:10     | Reached ***** piety under Vehumet
 12404 | D:10     | Learned a level 1 spell: Animate Skeleton
 12475 | D:10     | Offered knowledge of Orb of Destruction by Vehumet.
 12562 | D:10     | Found a staircase to the Orcish Mines.
 12741 | D:10     | Noticed an unseen horror
 12756 | D:10     | Killed an unseen horror
 12756 | D:10     | Gained mutation: You are completely covered in icy blue
                  | scales. (AC +4, rC+) [demonic ancestry]
 12756 | D:10     | Reached XP level 11. HP: 47/74 MP: 7/24
 12897 | D:10     | Learned a level 7 spell: Orb of Destruction
 13043 | D:10     | Reached skill level 5 in Earth Magic
 13420 | D:11     | Reached skill level 1 in Necromancy
 13470 | D:11     | Noticed a two-headed ogre
 13477 | D:11     | Killed a two-headed ogre
 13688 | D:11     | Noticed an unseen horror
 13693 | D:11     | Killed an unseen horror
 13794 | D:11     | Noticed Josephine
 13800 | D:11     | Killed Josephine
 13800 | D:11     | Reached skill level 10 in Spellcasting
 13874 | D:11     | Noticed a two-headed ogre
 13883 | D:11     | Killed a two-headed ogre
 13902 | D:11     | Noticed a death yak
 13902 | D:11     | Noticed a death yak
 13905 | D:11     | Noticed an unseen horror
 13907 | D:11     | Noticed a death yak
 13907 | D:11     | Noticed a death yak
 13907 | D:11     | Noticed a death yak
 13909 | D:11     | Killed an unseen horror
 14195 | D:11     | Paralysed by a hornet for 3 turns
 14196 | D:11     | Offered knowledge of Iskenderun's Mystic Blast by Vehumet.
 14203 | D:10     | Slain by a death yak

Skill      XL: |  1  2  3  4  5  6  7  8  9 10 11 |
---------------+----------------------------------+-----
Fire Magic     | 3 4 5 6 |  6.3
Stealth        | 2 3 |  3.3
Dodging        | 2 3 4 |  4.1
Conjurations   | 2 3 4 5 6 8 9 |  9.4
Spellcasting   | 3 5 6 8 9 10 | 10.1
Armour         | 1 2 3 |  3.1
Fighting       | 1 2 |  2.8
Earth Magic    | 2 3 4 5 |  5.6
Maces & Flails | 1 2 |  2.5
Necromancy     | 3 |  3.5

Action                   |  1- 3 |  4- 6 |  7- 9 | 10-12 || total
-------------------------+-------+-------+-------+-------++-------
Melee: Whip              |       |    25 |    82 |    51 ||   158
Throw: Stone             |       |       |     1 |     4 ||     5
 Cast: Flame Tongue      |    38 |    66 |   163 |    19 ||   286
       Throw Flame       |    35 |    75 |   102 |   140 ||   352
       Conjure Flame     |     1 |       |     2 |       ||     3
       Sandblast         |       |       |    68 |     1 ||    69
       Stone Arrow       |       |       |    26 |   216 ||   242
       Magic Dart        |       |       |     5 |       ||     5
       Animate Skeleton  |       |       |       |    19 ||    19
  Use: Scroll            |     4 |     7 |     7 |     1 ||    19
       Potion            |       |     1 |     1 |     3 ||     5
  Eat: Chunk             |     4 |    15 |    16 |    11 ||    46
       Ration            |       |     1 |       |     1 ||     2
Armor: Robe              |     5 |     1 |       |       ||     6
       Leather armour    |       |     7 |   132 |    79 ||   218
       Skin              |       |     2 |       |       ||     2
Dodge: Dodged            |    10 |    33 |   203 |   110 ||   356
